 Dungeon Crawl Stone Soup version 0.28.0-1-gb440e238dd (webtiles) character file.

Game seed: 11412756787214054704

310 Kaptain the Digger (level 6, -3/38 (41) HPs)
             Began as an Octopode Earth Elementalist on Feb 22, 2022.
             Slain by a wight (15 damage)
             ... on level 4 of the Dungeon.
             The game lasted 00:07:57 (3508 turns).

Kaptain the Digger (Octopode Earth Elementalist)    Turns: 3508, Time: 00:07:58

HP:   -3/38 (41)    AC:  1    Str: 13    XL:     6   Next: 41%
MP:   1/10          EV: 13    Int: 20    God:
Gold: 172           SH:  0    Dex: 12    Spells: 7/11 levels left

rFire   . . .      SeeInvis .   i - +0 hunting sling
rCold   . . .      Faith    .   (no shield)
rNeg    . . .      Spirit   .   (helmet restricted)
rPois   .          Reflect  .   (no amulet)
rElec   .          Harm     .   a - +6 ring of strength
rCorr   .          Rampage  .   (no ring)
Will    .....                   (no ring)
Stlth   +++.......              (no ring)
HPRegen 0.12/turn               (no ring)
MPRegen 0.12/turn               (no ring)
                                (no ring)
                                (no ring)

@: very slightly contaminated, drained
A: almost no armour, amphibious, 8 rings, camouflage 1, gelatinous body 1,
(nimble swimmer 1), tentacles
a: no special abilities


You were on level 4 of the Dungeon.
You visited 1 branch of the dungeon, and saw 4 of its levels.

You collected 172 gold pieces.

Inventory:

Hand Weapons
 c - a +0 mace
 h - a +1 dagger of venom
 i - a +0 hunting sling (weapon)
 l - a +0 war axe
Missiles
 b - 18 stones (quivered ammo)
 d - 30 arrows
 j - 4 poisoned darts
Jewellery
 a - a +6 ring of strength (left tentacle)
 f - a ring of resist corrosion
Scrolls
 n - a scroll of teleportation {unknown}
Potions
 e - 3 potions of heal wounds
 g - a potion of brilliance {unknown}
 k - a potion of magic
 m - a potion of cancellation {unknown}
 o - a potion of ambrosia {unknown}


   Skills:
 * Level 2.6 Fighting
 + Level 2.5 Dodging
 + Level 3.8 Stealth
 * Level 3.1 Spellcasting
 * Level 2.2 Conjurations
 + Level 1.2 Transmutations
 * Level 4.2 Earth Magic


You had 7 spell levels left.
You knew the following spells:

 Your Spells              Type           Power      Damage    Failure   Level
a - Sandblast             Erth           40%        2d10      2%          1
b - Stone Arrow           Conj/Erth      32%        3d9       11%         3

Your spell library contained the following spells:

 Spells                   Type           Power      Damage    Failure   Level
 Passwall                 Tmut/Erth      11%        N/A       7%          2
 Frozen Ramparts          Ice            6%         1d2       38%         3
 Petrify                  Tmut/Erth      14%        N/A       41%         4
 Ice Form                 Ice/Tmut       5%         N/A       73%         4
 Summon Ice Beast         Ice/Summ       3%         N/A       80%         4


Dungeon Overview and Level Annotations

Branches:
Dungeon (4/15)             Temple (0/1) D:4

Altars:
Elyvilon

Shops:
D:1 =


Innate Abilities, Weirdness & Mutations

You cannot wear most types of armour.
You are amphibious.
You can wear up to eight rings at the same time.
Your skin changes colour to match your surroundings (Stealth+).
Your rubbery body absorbs attacks. (AC +1, EV +1)
((You are camouflaged when in or above water. (Stealth+)))
You have tentacles for arms and can constrict up to eight enemies at once.


Message History

Casting: Sandblast (safe; 2% risk of failure)
Confirm with . or Enter, or press ? or * to list all spells.
Aiming: Sandblast (safe; 2% risk of failure)
Press: ? - help, Shift-Dir - straight line, f/p - wight
Aim: a wight, wielding a +0 long sword and wearing a +0 robe (81% to hit)
The blast of sand misses the wight.
b - 17 stones Unknown command.
Casting: Sandblast (safe; 2% risk of failure)
Confirm with . or Enter, or press ? or * to list all spells.
Aiming: Sandblast (safe; 2% risk of failure)
Press: ? - help, Shift-Dir - straight line, f - wight
Aim: a wight, wielding a +0 antimagic flail and wearing a +0 robe (81% to hit)
The blast of sand misses the wight.
b - 16 stones The wight closely misses you.
Unknown command.
Casting: Sandblast (safe; 2% risk of failure)
Confirm with . or Enter, or press ? or * to list all spells.
Aiming: Sandblast (safe; 2% risk of failure)
Press: ? - help, Shift-Dir - straight line, f/p - wight
Aim: a wight, wielding a +0 antimagic flail and wearing a +0 robe (81% to hit)
You miscast Sandblast.
You are very lightly contaminated with residual magic.
Nothing appears to happen.
The wight completely misses you. The wight closely misses you.
A goblin comes into view. It is wielding a +0 club.
The goblin shouts!
You see here 2 stones.
b - 18 stones (gained 2)
The wight hits you with a +0 long sword!
You feel drained.
The wight hits you with a +0 antimagic flail!
You feel drained.
* * * LOW HITPOINT WARNING * * *
You feel your power leaking away.
A wight comes into view. It is wielding a +4 spear.
The wight moves out of view.
The wight hits you with a +0 antimagic flail!
You die...

######.###.......#
##.#.######## #...# #..
... #...# #.# ....
#...# #.# ..#. > #.†.#
#.# .<... .8
#.†.####.##g...
88#.####...#.....)....
#............@z..#
.............#z..#
.#...............#
#######...#............
#.#.########.....
#.###.# ##.# ## ##


You could see 2 wights and a goblin.

Vanquished Creatures
  A necrophage (D:4)
  2 orc priests (D:3)
  A hound skeleton (D:2)
  3 gnolls (D:3)
  5 adders
  A worm (D:3)
  3 dart slugs
  2 orcs (D:3)
  4 ball pythons
  7 endoplasms
  8 giant cockroaches
  6 goblins
  5 hobgoblins
  7 jackals
  3 quokkas (D:1)
  3 bats (D:1)
  A frilled lizard (D:1)
  5 kobolds
  7 rats
74 creatures vanquished.

Notes
Turn   | Place    | Note
-------+----------+-------------------------------------------
     0 | D:1      | Kaptain the Octopode Earth Elementalist began the quest for
                  | the Orb.
     0 | D:1      | Reached XP level 1. HP: 11/11 MP: 3/3
   110 | D:1      | Found Hyetah's Jewellery Shoppe.
   202 | D:1      | Found a faded altar of an unknown god.
   205 | D:1      | Reached XP level 2. HP: 18/18 MP: 3/5
   498 | D:1      | Reached skill level 1 in Fighting
   500 | D:1      | Reached XP level 3. HP: 22/23 MP: 3/6
   504 | D:1      | Learned a level 3 spell: Stone Arrow
  1577 | D:2      | Reached XP level 4. HP: 28/28 MP: 1/7
  1665 | D:2      | Reached skill level 1 in Conjurations
  2205 | D:3      | Reached XP level 5. HP: 25/34 MP: 6/9
  2499 | D:3      | Reached skill level 4 in Earth Magic
  2850 | D:3      | Found a white marble altar of Elyvilon.
  3403 | D:4      | Noticed a necrophage
  3408 | D:4      | Killed a necrophage
  3409 | D:4      | Reached XP level 6. HP: 41/41 MP: 6/10
  3487 | D:4      | Found a staircase to the Ecumenical Temple.
  3508 | D:4      | Slain by a wight

Illustrated notes

Levels and vault maps discovered:
D:1:      minmay_arrival_shattered_statue, layout_loops_ring, serial_shops,
          nicolae_lakefront_shop, hellmonk_ecumenical_altar_zigzags,
          minmay_tromino_v7
D:2:      layout_basic, chequers_serial_rivers_micro_e,
          kennysheep_generic_room_15
D:3:      layout_loops_ring, mainiacjoe_overflow_24_doors
D:4:      layout_loops_cross, minmay_temple_entry_statues, uniq_pikel

Skill      XL: |  1  2  3  4  5 |
---------------+----------------+-----
Fighting       | 1 2 |  2.6
Stealth        | 3 |  3.8
Conjurations   | 1 2 |  2.2
Earth Magic    | 4 |  4.2
Spellcasting   | 3 |  3.1
Dodging        | |  2.5
Transmutations | |  1.2

Action                   |  1- 3 |  4- 6 || total
-------------------------+-------+-------++-------
Melee: Mace              |     8 |       ||     8
       Constrict         |     3 |       ||     3
       Tentacles         |     1 |       ||     1
       Dagger            |     4 |       ||     4
       Punch             |     1 |       ||     1
 Fire: Hunting sling     |    20 |    32 ||    52
Throw: Dart              |       |    12 ||    12
 Cast: Sandblast         |    37 |    51 ||    88
  Use: Scroll            |       |     5 ||     5
Armor: Skin              |     2 |       ||     2
Dodge: Dodged            |    15 |     5 ||    20
